 Dungeon Crawl Stone Soup version 0.32-a0-975-g85d4e5bfdb (webtiles) character file.

Game seed: 5362076584392521663

220 Cancer the Changeling (level 5, -4/33 HPs)
             Began as an Octopode Shapeshifter on Apr 18, 2024.
             Succumbed to Terence's poison
             ... on level 3 of the Dungeon.
             The game lasted 00:05:03 (2300 turns).

Cancer the Changeling (Octopode Shapeshifter)       Turns: 2300, Time: 00:05:04

Health: -4/33      AC:  1    Str: 16    XL:     5   Next: 97%
Magic:  5/5        EV: 12    Int: 12    God:
Gold:   167        SH:  0    Dex: 11    Spells: 4/4 levels left

rFire   + .          .
                       - Unarmed
rCold   + . .        (no shield)
rNeg    . . .        (helmet currently unavailable)
rPois   +            (no amulet)
rElec   +            (no ring)
rCorr   +            (no ring)
SInv    .            (no ring)
Will    .....        (no ring)
Stlth   +++          (no ring)
HPRegen 0.25/turn    (no ring)
MPRegen 0.09/turn    (no ring)
                     (no ring)

%: no passive effects
@: lethally poisoned (-4 -> -22), beast-form, resistant
A: beast (slay +3), almost no armour, amphibious, 8 rings, camouflage 1,
gelatinous body 1, (nimble swimmer 1), tentacles
a: Begin Untransformation


You were on level 3 of the Dungeon.
You were a hulking beast.
You visited 1 branch of the dungeon, and saw 3 of its levels.

You collected 167 gold pieces.

Inventory:

Hand Weapons
 t - a +0 dagger of flaming
Jewellery
 e - an amulet of faith
Talismans
 b - a beast talisman (active)
 c - a flux talisman
 g - a blade talisman
Wands
 q - a wand of charming (9)
 s - a wand of flame (8)
Scrolls
 d - a scroll of enchant armour {unknown}
 f - a scroll of revelation {unknown}
 h - 3 scrolls of teleportation {unknown}
 i - a scroll of blinking {unknown}
 l - 2 scrolls of noise {unknown}
 n - 2 scrolls of identify {unknown}
 o - a scroll of amnesia {unknown}
 r - a scroll of poison {unknown}
 v - a scroll of vulnerability {unknown}
 w - a scroll of fog {unknown}
 x - a scroll of fear {unknown}
Potions
 a - a potion of lignification
 j - a potion of brilliance {unknown}
 k - a potion of resistance
 m - a potion of mutation {unknown}
 p - a potion of curing {unknown}
 u - a potion of invisibility {unknown}


   Skills:
 - Level 1.0 Fighting
 - Level 2.0 Dodging
 + Level 1.2 Stealth
 - Level 3.0 Unarmed Combat
 + Level 5.9 Shapeshifting


You had 4 spell levels left.
You didn't know any spells.
Your spell library contained the following spells:

 Spells                   Type           Power      Damage    Failure   Level
 Cause Fear               Hex            0%         N/A       97%         4
 Fireball                 Conj/Fire      0%         3d3       100%        5
 Dragon's Call            Summ           0%         N/A       100%        9


Dungeon Overview and Level Annotations

Branches:
Dungeon (3/15)

Altars:


Innate Abilities, Weirdness & Mutations

You are a hulking beast.
Your limbs bulge with bestial killing power. (Slay +3)
You cannot wear most types of armour.
You are amphibious.
You can wear up to eight rings at the same time.
Your skin changes colour to match your surroundings (Stealth+).
Your rubbery body absorbs attacks. (AC +1, EV +1)
((You are camouflaged when in or above water. (Stealth+)))
You have tentacles for arms and can constrict up to eight enemies at once.


Message History

You closely miss the kobold. Your grab misses the kobold.
The kobold completely misses you.
You tentacle-slap the kobold. You grab the kobold.
The kobold is severely wounded.
You constrict the kobold.
You kill the kobold!
You see here a +0 dagger.
x - a scroll labelled GAXOUQ ZAIK
There is a large open door here.
Terence is nearby!
Terence shouts!
You tentacle-slap Terence but do no damage.
You grab Terence. You constrict Terence.
Terence hits you with a +2 trident of venom.
You are poisoned.
You tentacle-slap Terence but do no damage.
Terence is moderately wounded.
You constrict Terence.
You feel sick.
Terence hits you with a +2 trident of venom.
You are more poisoned.
You tentacle-slap Terence but do no damage.
Terence is moderately wounded.
You constrict Terence, but do no damage.
You feel sick.
Terence hits you with a +2 trident of venom!
You are lethally poisoned!
You are too injured to fight recklessly!
You bludgeon Terence!
Terence is severely wounded.
You constrict Terence.
* * * LOW HITPOINT WARNING * * *
You feel very sick.
You tentacle-slap Terence.
You kill Terence!
* * * LOW HITPOINT WARNING * * *
You feel very sick.
Your Stealth skill increases to level 1!
It was a potion of resistance.
You feel protected.
You die...

...........###.P.)......#
.##........# #........#.#
.#........## #.P......P.#
...........# #.P......#.#
..#........# #.###''###.#
.##........###..........#
.##.........####....#####
#####........###.#### #
#.........##h# #
#.........#).# #
#.........#..# #
#.........#..#
#####.........#..#
.........)....#..#
.####.........#..# ##
##.........#..#
###..........#


There were no monsters in sight!

Vanquished Creatures
  2 orc priests
  Jessica (D:3)
  Terence (D:3)
  5 adders
  3 dart slugs
  2 ribbon worms (D:2)
  10 orcs
  3 endoplasms
  A giant cockroach (D:2)
  3 hobgoblins
  7 ball pythons
  A bat (D:2)
  A frilled lizard (D:2)
  3 goblins
  5 kobolds
  4 rats
52 creatures vanquished.

Notes
Turn   | Place    | Note
-------+----------+-------------------------------------------
     0 | D:1      | Cancer the Octopode Shapeshifter began the quest for the
                  | Orb.
     0 | D:1      | Reached XP level 1. HP: 13/13 MP: 1/1
    57 | D:1      | You fall into a shaft and drop 1 floor!
   173 | D:2      | Reached XP level 2. HP: 13/18 MP: 2/2
   194 | D:2      | Reached XP level 3. HP: 10/23 MP: 3/3
   199 | D:2      | Reached skill level 4 in Shapeshifting
   853 | D:1      | Reached XP level 4. HP: 20/28 MP: 4/4
   922 | D:2      | Reached skill level 5 in Shapeshifting
  1534 | D:3      | Reached XP level 5. HP: 20/33 MP: 5/5
  1943 | D:3      | Noticed Terence
  1963 | D:3      | Noticed Jessica
  1972 | D:3      | Killed Jessica
  2299 | D:3      | Killed Terence
  2299 | D:3      | HP: 1/33 [poisoned by Terence]
  2300 | D:3      | Reached skill level 1 in Stealth
  2300 | D:3      | Succumbed to Terence's poison

Illustrated notes

Levels and vault maps discovered:
D:1:      dpeg_arrival_boxorama, layout_rooms, dk_noncrumbling_2
D:2:      layout_rooms, minivault_5
D:3:      cheibrodos_old_hovel, layout_rooms,
          dilly_ecumenical_altar_fadedgnrine, minmay_shallow_snake_nest,
          uniq_terence, uniq_jessica

Skill      XL: |  1  2  3  4  5 |
---------------+----------------+-----
Shapeshifting  | 4 5 |  5.9
Stealth        | 1 |  1.2
Fighting       | |  1.0
Dodging        | |  2.0
Unarmed Combat | |  3.0

Action                     |  1- 3 |  4- 6 || total
---------------------------+-------+-------++-------
  Melee: Unarmed           |    45 |    46 ||    91
         Constrict         |    13 |    17 ||    30
         Tentacles         |     6 |    16 ||    22
    Use: Potion            |       |     1 ||     1
   Stab: Sleeping          |     3 |     1 ||     4
 Armour: Skin              |    20 |    26 ||    46
  Dodge: Dodged            |    29 |    20 ||    49

Table legend: (Time is in decaauts)
 A = Elapsed time spent in this place.
 B = Non-inter-level travel time spent in this place.
 C = Inter-level travel time spent in this place.
 D = Time resting spent in this place.
 E = Time spent auto-exploring this place.
 F = Levels seen in this place.
 G = Mean time per level.
                   A        B        C        D        E       F      G
               +--------+--------+--------+--------+--------+-----+--------+
         Total |   2296 |   1902 |    394 |      0 |   1361 |   3 |  765.3 |
       Dungeon |   2296 |   1902 |    394 |      0 |   1361 |   3 |  765.3 |
               +--------+--------+--------+--------+--------+-----+--------+

Top non-repeatable levels by time:
     D:2: 863 daAuts
     D:3: 788 daAuts
     D:1: 643 daAuts
